 Dungeon Crawl Stone Soup version 0.22-a0-367-gb72a975 (webtiles) character file.

26 Gildeon the Magician (level 2, -2/15 HPs)
             Began as a Deep Elf Fire Elementalist on Apr 22, 2018.
             Slain by a phantom (6 damage)
             ... on level 1 of the Dungeon.
             The game lasted 00:07:32 (1356 turns).

Gildeon the Magician (Deep Elf Fire Elementalist)   Turns: 1356, Time: 00:07:32

Health: -2/15      AC:  2    Str:  5    XL:     2   Next: 89%
Magic:  0/9        EV: 13    Int: 19    God:
Gold:   53         SH:  0    Dex: 15    Spells: 7/10 levels left

rFire    . . .     SeeInvis .   e - +0 club
rCold    . . .     Gourm    .   (no shield)
rNeg     . . .     Faith    .   a - +0 robe
rPois    .         Spirit   .   (no helmet)
rElec    .         Reflect  .   (no cloak)
rCorr    .         Harm     .   (no gloves)
MR       .....                  (no boots)
Stlth    ++........             (no amulet)
HPRegen  0.05/turn              (no ring)
MPRegen  0.11/turn              (no ring)

@: no status effects
A: no striking features
a: no special abilities


You were on level 1 of the Dungeon.
You were not hungry.

You visited 1 branch of the dungeon, and saw 2 of its levels.

You collected 53 gold pieces.

Inventory:

Hand Weapons
 e - a +0 club (weapon)
Missiles
 b - a stone (quivered)
Armour
 a - a +0 robe (worn)
Scrolls
 d - a scroll of identify
 f - 3 scrolls of remove curse {unknown}
Comestibles
 c - 3 rations
 g - a chunk of flesh


   Skills:
 - Level 2.4 Dodging
 - Level 2.4 Stealth
 + Level 4.8 Spellcasting
 - Level 1.1 Conjurations
 - Level 3.2 Fire Magic


You had 7 spell levels left.
You knew the following spells:

 Your Spells              Type           Power        Failure   Level  Hunger
a - Flame Tongue          Conj/Fire      ##...        5%          1    None
b - Throw Flame           Conj/Fire      ##....       8%          2    #......


Dungeon Overview and Level Annotations

Branches:
Dungeon (2/15)

Altars:


Message History

You start resting.
The phantom blinks!
Casting: Flame Tongue (safe; 5% risk of failure)
Confirm with . or Enter, or press ? or * to list all spells.
Aiming: Flame Tongue (safe; 5% risk of failure)
Press: ? - help, Shift-Dir - straight line, f/p - phantom
Aim: a phantom (severely damaged)
The flame tongue hits the phantom.
The phantom appears unharmed.
The phantom is severely damaged.
The phantom blinks!
The phantom blinks!
Casting: Flame Tongue (safe; 5% risk of failure)
Confirm with . or Enter, or press ? or * to list all spells.
Aiming: Flame Tongue (safe; 5% risk of failure)
Press: ? - help, Shift-Dir - straight line, f/p - phantom
Aim: a phantom (severely damaged)
The flame tongue hits the phantom.
The phantom is almost destroyed.
The phantom hits you.
You die...

##.......................
#........##.###.####.####
########>................
#.##.###.##....... #.##.#
#.##....... #.##.#
#.##.......
#.##.###.##.......
#.##.#........####
##@####.#.####.#
#W......#.# #.#
#..######.# #.# #..# #.#
#.# #..######.####.#
#............#.#
########.....#.#
#.....### #.....#


You could see a phantom.

Vanquished Creatures
  A dart slug (D:1)
  A leopard gecko (D:1)
  A ball python (D:1)
  2 giant cockroaches (D:1)
  4 goblins (D:1)
  2 hobgoblins (D:1)
  3 jackals (D:1)
  A bat (D:1)
  2 kobolds (D:1)
  5 rats (D:1)
22 creatures vanquished.

Notes
Turn   | Place    | Note
-------+----------+-------------------------------------------
     0 | D:1      | Gildeon the Deep Elf Fire Elementalist began the quest for the Orb.
     0 | D:1      | Reached XP level 1. HP: 10/10 MP: 6/6
   500 | D:1      | Reached skill level 4 in Spellcasting
   500 | D:1      | Reached XP level 2. HP: 15/15 MP: 5/9
   507 | D:1      | Learned a level 2 spell: Throw Flame
  1317 | D:2      | Noticed a phantom
  1356 | D:1      | Slain by a phantom

Vault maps used:
D:1:      sevenhm_arrival_forest_fort_large_4
D:2:      minitemple, serial_undead, serial_undead_e, serial_undead_a,
          serial_undead_f, serial_undead_c, serial_undead_f,
          hangedman_decor_points

Skill      XL: |  1 |
---------------+----+-----
Spellcasting   | 4 |  4.8
Dodging        | |  2.4
Stealth        | |  2.4
Conjurations   | |  1.1
Fire Magic     | |  3.2

Action                   || total
-------------------------++-------
 Cast: Flame Tongue      ||    55
  Use: Scroll            ||     2
       Potion            ||     1
  Eat: Chunk             ||     1
Armor: Robe              ||     3
Dodge: Dodged            ||    26

Table legend:
 A = Spawn XP
 B = Non-spawn XP
 C = Spawn XP percentage of total XP
 D = Spawn monster count
 E = Non-spawn monster count
 F = Spawn count percentage of total count
 G = Total turns spent on level
                    A         B        C        D         E        F      G
               +---------+---------+-------+---------+---------+-------+---------
         Total |       0 |      38 |   0.0 |       0 |      22 |   0.0 |  1356
               +---------+---------+-------+---------+---------+-------+---------
           D:1 |       0 |      38 |   0.0 |       0 |      22 |   0.0 |  1352
               +---------+---------+-------+---------+---------+-------+---------
